Heat vs Rocket
Created - July 14, 2022 at 19:17
Goals
|
Heat |
0 |
5 |
0 |
5 |
Rocket |
2 |
3 |
1 |
6 |
|
Shots
|
Heat |
7 |
15 |
13 |
35 |
Rocket |
11 |
15 |
11 |
37 |
|
1st period
1. Rocket , Adrian Kempe 3 (Peter Holland 2, Ty Rattie 1) at 12:39
2. Rocket , Adrian Kempe 4 (Karson Kuhlman 1, Andrei Mironov 2) at 17:17
Penalties :
Chris Brown (Sto) for Goalie Interference (Minor) at 0:53, Brandon Pirri (Lav) for Roughing (Minor) at 5:10, Dominik Masin (Sto) for Holding (Minor) at 7:40, Adrian Kempe (Lav) for Hooking (Minor) at 15:08, Frank Corrado (Sto) for Tripping (Minor) at 19:48
2nd period
3. Rocket , Adrian Kempe 5 (Danton Heinen 1) at 4:27
4. Rocket , Dominic Turgeon 1 (Luca Sbisa 4, Adam Fox 5) at 9:30
5. Heat , Victor Rask 2 (Kevin Labanc 5) at 10:30 (PP)
6. Rocket , Adrian Kempe 6 (Peter Holland 3, Danton Heinen 2) at 11:13
7. Heat , Kevin Labanc 3 (Victor Rask 3) at 14:28 (PP)
8. Heat , Frank Corrado 1 (Victor Rask 4, Kevin Labanc 6) at 15:46 (PP)
9. Heat , Nico Sturm 1 (Barclay Goodrow 2, Dominik Masin 1) at 18:33
10. Heat , Kevin Labanc 4 (Matthew Nieto 7, Philip Varone 3) at 18:48
Penalties :
Corey Trivino (Lav) for Roughing (Minor) at 0:22, Viktor Loov (Lav) for Fighting (Major) at 9:41, Matthew Nieto (Sto) for Fighting (Major) at 9:41, Viktor Loov (Lav) for instigated a fight (Minor) at 9:41, Viktor Loov (Lav) for instigated a fight (10 Minutes Misconduct) at 9:41, Adam Fox (Lav) for Fighting (Major) at 14:24, Peter Cehlarik (Sto) for Fighting (Major) at 14:24, Adam Fox (Lav) for instigated a fight (Minor) at 14:24, Adam Fox (Lav) for instigated and being the aggresor in a fight (20 Minutes Game Misconduct) at 14:24, Dominic Turgeon (Lav) for Hooking (Minor) at 14:27, Igor Shesterkin (Lav) for Delaying the game (Minor) at 15:58 - Dean Kukan served the penalty, Philip Varone (Sto) for Hooking (Minor) at 19:53
3rd period
11. Rocket , Ty Rattie 2 (Luca Sbisa 5, Dean Kukan 1) at 2:11
Penalties :
Danton Heinen (Lav) for Hooking (Minor) at 3:48, Andrey Pedan (Lav) for Hooking (Minor) at 14:10
Goalie Stats
Michael Hutchinson (Sto), 13 saves from 17 shots - (0.765), 29:30 minutes
Nathan Lieuwen (Sto), 18 saves from 20 shots - (0.900), L, 0-2-0, 29:20 minutes
Igor Shesterkin (Lav), 30 saves from 35 shots - (0.857), W, 4-1-0, 60:00 minutes
Players Stats for Heat
Player Name G A P +/- PIM S H SB GA TA FO MP PP MP PK MP
------------------------------------------------------------------------------------
Barclay Goodrow 0 1 1 -1 0 2 1 2 0 0 0/0 10:26 0:01 0:00
Brandon Hickey 0 0 0 0 0 0 0 0 0 0 0/0 6:19 0:00 0:53
Chris Brown 0 0 0 -2 2 0 2 0 0 0 2/13 13:35 1:56 0:54
Dominik Masin 0 1 1 -4 2 0 1 1 0 0 0/0 18:47 4:45 1:00
Evgeny Svechnikov 0 0 0 -1 0 2 2 0 0 0 0/0 15:34 4:21 1:46
Frank Corrado 1 0 1 1 2 2 2 0 0 3 0/0 29:01 8:29 4:04
Greg Pateryn 0 0 0 -1 0 0 0 0 0 0 0/0 10:23 0:00 0:00
Jake DeBrusk 0 0 0 -1 0 5 2 1 1 0 1/1 20:04 4:55 4:29
Jesper Bratt 0 0 0 0 0 3 0 0 1 0 0/0 5:23 0:00 0:00
John Gilmour 0 0 0 -1 0 0 0 1 0 0 0/0 11:40 0:00 0:00
Kevin Labanc 2 2 4 -2 0 7 2 0 1 0 0/0 21:48 7:37 0:00
Mathieu Brodeur 0 0 0 -4 0 0 2 1 1 0 0/0 21:16 4:45 2:27
Matthew Nieto 0 1 1 -1 5 2 0 1 0 0 1/3 19:28 5:50 0:16
Nico Sturm 1 0 1 1 0 2 0 1 0 0 2/4 10:16 0:48 1:46
Peter Cehlarik 0 0 0 -2 5 0 2 0 1 0 3/3 10:29 0:00 1:03
Philip Varone 0 1 1 -1 2 6 4 0 1 0 14/32 21:18 4:21 2:48
Rasmus Andersson 0 0 0 1 0 2 0 1 0 1 0/0 28:55 7:55 4:38
Victor Rask 1 2 3 -2 0 2 0 1 0 0 8/15 17:16 7:37 0:00
Players Stats for Rocket
Player Name G A P +/- PIM S H SB GA TA FO MP PP MP PK MP
------------------------------------------------------------------------------------
Adam Fox 0 1 1 2 27 1 0 0 0 0 0/0 13:30 3:14 0:00
Adrian Kempe 4 0 4 3 2 6 1 1 0 0 0/0 16:18 2:17 2:30
Andrei Mironov 0 1 1 1 0 1 0 0 0 2 0/0 20:17 3:14 5:04
Andrey Pedan 0 0 0 1 2 1 3 1 0 1 0/0 21:40 3:14 5:07
Brandon Pirri 0 0 0 -1 2 4 0 0 0 0 0/0 19:30 4:06 0:53
Corey Trivino 0 0 0 -1 2 2 0 0 0 0 20/35 20:45 4:05 2:10
Danton Heinen 0 2 2 2 2 5 1 0 0 0 0/0 14:53 2:17 0:31
Dean Kukan 0 1 1 1 0 0 0 3 0 3 0/0 24:11 0:03 6:01
Dominic Turgeon 1 0 1 1 2 2 1 0 0 0 4/12 14:10 0:08 6:11
Jakub Vrana 0 0 0 1 0 0 0 0 0 0 0/0 8:14 0:08 0:00
Jiri Sekac 0 0 0 1 0 3 2 1 1 0 0/0 14:44 0:00 7:05
Karson Kuhlman 0 1 1 2 0 1 0 1 0 0 4/6 10:12 0:00 3:48
Kole Sherwood 0 0 0 1 0 0 0 0 0 0 0/0 7:35 0:00 0:00
Luca Sbisa 0 2 2 2 0 3 0 1 0 0 0/0 18:16 0:03 6:45
Mattias Tedenby 0 0 0 -1 0 4 1 0 2 0 4/5 19:56 4:06 0:00
Peter Holland 0 2 2 2 0 1 3 0 0 0 8/13 13:50 2:17 0:25
Ty Rattie 1 1 2 2 0 2 1 1 1 0 0/0 10:45 0:08 3:48
Viktor Loov 0 0 0 1 17 1 0 1 0 0 0/0 17:31 3:14 0:51
3 Stars
1 - Adrian Kempe (Lav)
2 - Kevin Labanc (Sto)
3 - Ty Rattie (Lav)
Power Play
Heat - 3 on 9 Attempt(s) - 33.33%
Rocket - 0 on 4 Attempt(s) - 0.00%
Penalty Kill
Heat - 4 on 4 Attempt(s) - 100.00%
- Score 0 goal in Penalty Kill
Rocket - 6 on 9 Attempt(s) - 66.67%
- Score 0 goal in Penalty Kill
Team Stat
Heat - Hits : 20 - Faceoff Wins : 31 - Blocked Shots : 10 - Penalty Minutes : 18
Rocket - Hits : 13 - Faceoff Wins : 40 - Blocked Shots : 10 - Penalty Minutes : 58
Official
Referees : Jon McIsaac and Brandon Schrader
Linesman : Vaughan Rody and Brian Mach
Game Notes
Adrian Kempe has scored a Hat Trick!
Nathan Lieuwen enters game at 9:30 of 2nd period
Matthew Nieto beats up Viktor Loov at 9:41 of 2nd period
Adam Fox beats up Peter Cehlarik at 14:24 of 2nd period
Adam Fox (Lav) for instigated and being the aggresor in a fight (20 Minutes Game Misconduct) at 14:24
Adam Fox ejected from game at 14:24 of 2nd period
Luca Sbisa is injured at 9:27 of 3rd period (Torn Right MCL)
Finance
Level 1 -- Attendance: 2000 (100.00%) -- Ticket Income $70,000
Level 2 -- Attendance: 982 (98.20%) -- Ticket Income $14,730
Total Attendance: 2982 (99.40%)
Total Ticket Income: $84,730
Other Income: $4,236
Total Income: $88,966
Heat
5 vs 5 Forward
Center Left Wing Right Wing Time % Phy DF OF
1 Philip Varone Matthew Nieto Kevin Labanc 40 1 2 2
2 Victor Rask Jake DeBrusk Evgeny Svechnikov 30 1 2 2
3 Chris Brown Peter Cehlarik Barclay Goodrow 20 1 2 2
4 Nico Sturm Jesper Bratt Brandon Hickey 10 1 2 2
5 vs 5 Defense
Defense Defense Time % Phy DF OF
1 Frank Corrado Rasmus Andersson 40 1 2 2
2 Dominik Masin Mathieu Brodeur 30 1 2 2
3 John Gilmour Greg Pateryn 20 1 2 2
4 Frank Corrado Rasmus Andersson 10 1 2 2
PowerPlay Forward
Center Left Wing Right Wing Time % Phy DF OF
1 Victor Rask Matthew Nieto Kevin Labanc 60 1 2 2
2 Philip Varone Jake DeBrusk Evgeny Svechnikov 40 1 2 2
PowerPlay Defense
Defense Defense Time % Phy DF OF
1 Frank Corrado Rasmus Andersson 60 1 2 2
2 Dominik Masin Mathieu Brodeur 40 1 2 2
Penalty Kill 4 Players Forward
Center Wing Time % Phy DF OF
1 Philip Varone Jake DeBrusk 60 1 2 2
2 Nico Sturm Evgeny Svechnikov 40 1 2 2
Penalty Kill 4 Players Defense
Defense Defense Time % Phy DF OF
1 Frank Corrado Rasmus Andersson 60 1 2 2
2 Dominik Masin Mathieu Brodeur 40 1 2 2
Penalty Kill - 3 Players Forward
Forward Time % Phy DF OF
1 Matthew Nieto 60 1 2 2
2 Kevin Labanc 40 1 2 2
Penalty Kill - 3 Players Defense
Defense Defense Time % Phy DF OF
1 Frank Corrado Rasmus Andersson 60 1 2 2
2 Dominik Masin Mathieu Brodeur 40 1 2 2
4 vs 4 Forward
Center Wing Time % Phy DF OF
1 Victor Rask Matthew Nieto 60 1 2 2
2 Philip Varone Kevin Labanc 40 1 2 2
4 vs 4 Defense
Defense Defense Time % Phy DF OF
1 Frank Corrado Rasmus Andersson 60 1 2 2
2 Dominik Masin Mathieu Brodeur 40 1 2 2
Last Minutes Offensive
Center Left Wing Right Wing Defense Defense
Philip Varone Matthew Nieto Kevin Labanc Frank Corrado Rasmus Andersson
Last Minutes Defensive
Center Left Wing Right Wing Defense Defense
Philip Varone Matthew Nieto Kevin Labanc Dominik Masin Rasmus Andersson
Goaltenders
Starting : Michael Hutchinson
Backup : Nathan Lieuwen
Extra Forwards
Normal : Jake DeBrusk, Nico Sturm, Peter Cehlarik - PP : Chris Brown, Nico Sturm - PK : Peter Cehlarik
Extra Defensemen
Normal : John Gilmour, Mathieu Brodeur, Dominik Masin - PP : John Gilmour - PK : Mathieu Brodeur, Dominik Masin
Penalty Shots
Matthew Nieto, Jake DeBrusk, Kevin Labanc, Evgeny Svechnikov, Victor Rask
Scratches
Alexander True (Healthy), Christian Jaros (Healthy), Eric Karlsson (Healthy), Petteri Lindbohm (Healthy), Ryan Donato (Healthy)
Ryan Spooner (Healthy), Trevor Carrick (Healthy), Vladislav Kamenev (Healthy), Tage Thompson (Healthy), Radim Zohorna (Healthy)
Vitek Vanecek (Healthy), Collin Delia (Healthy)
Rocket
5 vs 5 Forward
Center Left Wing Right Wing Time % Phy DF OF
1 Corey Trivino Brandon Pirri Mattias Tedenby 40 0 2 3
2 Peter Holland Adrian Kempe Danton Heinen 30 0 2 3
3 Dominic Turgeon Jiri Sekac Kole Sherwood 20 0 3 2
4 Karson Kuhlman Jakub Vrana Ty Rattie 10 1 2 2
5 vs 5 Defense
Defense Defense Time % Phy DF OF
1 Viktor Loov Dean Kukan 40 1 2 2
2 Adam Fox Luca Sbisa 30 1 2 2
3 Andrei Mironov Andrey Pedan 20 1 2 2
4 Viktor Loov Adam Fox 10 1 2 2
PowerPlay Forward
Center Left Wing Right Wing Time % Phy DF OF
1 Corey Trivino Brandon Pirri Mattias Tedenby 60 0 1 4
2 Peter Holland Adrian Kempe Danton Heinen 40 0 1 4
PowerPlay Defense
Defense Defense Time % Phy DF OF
1 Viktor Loov Adam Fox 60 0 1 4
2 Andrey Pedan Andrei Mironov 40 0 1 4
Penalty Kill 4 Players Forward
Center Wing Time % Phy DF OF
1 Dominic Turgeon Jiri Sekac 60 0 4 1
2 Karson Kuhlman Ty Rattie 40 0 4 1
Penalty Kill 4 Players Defense
Defense Defense Time % Phy DF OF
1 Luca Sbisa Dean Kukan 60 0 5 0
2 Andrey Pedan Andrei Mironov 40 0 5 0
Penalty Kill - 3 Players Forward
Forward Time % Phy DF OF
1 Dominic Turgeon 60 0 5 0
2 Corey Trivino 40 0 5 0
Penalty Kill - 3 Players Defense
Defense Defense Time % Phy DF OF
1 Andrei Mironov Andrey Pedan 60 0 5 0
2 Luca Sbisa Viktor Loov 40 0 5 0
4 vs 4 Forward
Center Wing Time % Phy DF OF
1 Mattias Tedenby Corey Trivino 60 0 2 3
2 Brandon Pirri Adrian Kempe 40 0 2 3
4 vs 4 Defense
Defense Defense Time % Phy DF OF
1 Viktor Loov Adam Fox 60 0 2 3
2 Andrey Pedan Luca Sbisa 40 0 2 3
Last Minutes Offensive
Center Left Wing Right Wing Defense Defense
Corey Trivino Brandon Pirri Mattias Tedenby Viktor Loov Adam Fox
Last Minutes Defensive
Center Left Wing Right Wing Defense Defense
Corey Trivino Brandon Pirri Mattias Tedenby Andrei Mironov Dean Kukan
Goaltenders
Starting : Igor Shesterkin
Backup : Sami Aittokallio
Extra Forwards
Normal : Danton Heinen, Adrian Kempe, Mattias Tedenby - PP : Mattias Tedenby, Danton Heinen - PK : Dominic Turgeon
Extra Defensemen
Normal : Viktor Loov, Adam Fox, Andrey Pedan - PP : Adam Fox - PK : Luca Sbisa, Andrey Pedan
Penalty Shots
Mattias Tedenby, Corey Trivino, Brandon Pirri, Adrian Kempe, Danton Heinen
Scratches
Branden Troock (Healthy), Daniel Sprong (Healthy), Dylan DeMelo (Healthy), Guillaume Brisebois (Healthy), Jack Glover (Healthy)
Mason Appleton (Healthy), Ryan Collins (Healthy), Sergey Tolchinsky (Healthy), Tyler Lewington (Healthy), Luke Kunin (Healthy)
Mikhail Maltsev (Healthy)
% Time on Ice - Heat
Lines # - Real PCT - Wanted PCT - Time Play
Normal Forward
1 - 35% - 40% - 13:14
2 - 26% - 30% - 9:57
3 - 25% - 20% - 9:37
4 - 14% - 10% - 5:23
Normal Defense
1 - 40% - 40% - 15:05
2 - 33% - 30% - 12:43
3 - 27% - 20% - 10:23
4 - 0% - 10% - 0:00
PP Forward
1 - 66% - 60% - 8:19
2 - 34% - 40% - 4:21
PP Defense
1 - 63% - 60% - 7:55
2 - 38% - 40% - 4:45
PK Forward
1 - 73% - 60% - 4:45
2 - 27% - 40% - 1:46
PK Defense
1 - 71% - 60% - 4:38
2 - 29% - 40% - 1:53
PK3 Forward
1 - 0% - 60%
2 - 0% - 40%
PK3 Defense
1 - 0% - 60%
2 - 0% - 40%
44 Forward
1 - 85% - 60% - 1:12
2 - 15% - 40% - 0:13
44 Defense
1 - 91% - 60% - 1:17
2 - 9% - 40% - 0:08
Last Minute Offensive - 1:13
Last Minute Defensive - 0:00
Total
Forward - 60:00
Defense - 60:00
|
% Time on Ice - Rocket
Lines # - Real PCT - Wanted PCT - Time Play
Normal Forward
1 - 33% - 40% - 12:37
2 - 31% - 30% - 11:57
3 - 20% - 20% - 7:35
4 - 16% - 10% - 6:03
Normal Defense
1 - 39% - 40% - 14:43
2 - 42% - 30% - 16:11
3 - 13% - 20% - 4:47
4 - 7% - 10% - 2:31
PP Forward
1 - 65% - 60% - 4:14
2 - 35% - 40% - 2:17
PP Defense
1 - 80% - 60% - 5:13
2 - 20% - 40% - 1:18
PK Forward
1 - 70% - 60% - 8:51
2 - 30% - 40% - 3:48
PK Defense
1 - 70% - 60% - 8:51
2 - 30% - 40% - 3:48
PK3 Forward
1 - 100% - 60% - 0:01
2 - 0% - 40% - 0:00
PK3 Defense
1 - 100% - 60% - 0:01
2 - 0% - 40% - 0:00
44 Forward
1 - 100% - 60% - 1:25
2 - 0% - 40% - 0:00
44 Defense
1 - 68% - 60% - 0:58
2 - 32% - 40% - 0:27
Last Minute Offensive - 0:00
Last Minute Defensive - 1:12
Total
Forward - 60:00
Defense - 60:00
|
Play-by-Play
1st period
0:01 of 1st period - Corey Trivino wins face-off versus Philip Varone in neutral zone.
0:04 of 1st period - Slapshot by Brandon Pirri.
0:04 of 1st period - Shot Misses the Net.
0:06 of 1st period - Snap shot by Brandon Pirri.
0:06 of 1st period - Stopped by Michael Hutchinson without a rebound.
0:07 of 1st period - Corey Trivino wins face-off versus Philip Varone in Heat zone.
0:34 of 1st period - Wrist shot by Danton Heinen.
0:34 of 1st period - Shot Blocked by Rasmus Andersson.
0:38 of 1st period - Snap shot by Danton Heinen.
0:38 of 1st period - Stopped by Michael Hutchinson without a rebound.
0:39 of 1st period - Dominic Turgeon wins face-off versus Chris Brown in Heat zone.
0:53 of 1st period - Minor Penalty to Chris Brown for Goalie Interference.
0:54 of 1st period - Corey Trivino wins face-off versus Philip Varone in Heat zone.
0:58 of 1st period - Backhand shot by Mattias Tedenby.
0:58 of 1st period - Stopped by Michael Hutchinson without a rebound.
0:59 of 1st period - Corey Trivino wins face-off versus Philip Varone in Heat zone.
1:06 of 1st period - Snap shot by Mattias Tedenby.
1:06 of 1st period - Stopped by Michael Hutchinson without a rebound.
1:07 of 1st period - Corey Trivino wins face-off versus Philip Varone in Heat zone.
2:48 of 1st period - Corey Trivino is hit by Jake DeBrusk and loses puck.
2:53 of 1st period - Penalty to Chris Brown is over, Chris Brown is back on ice.
3:55 of 1st period - Icing by Jake DeBrusk.
3:56 of 1st period - Karson Kuhlman wins face-off versus Chris Brown in Heat zone.
4:01 of 1st period - Snap shot by Ty Rattie.
4:01 of 1st period - Stopped by Michael Hutchinson with a rebound.
4:03 of 1st period - Slapshot by Dean Kukan.
4:03 of 1st period - Shot Blocked by Barclay Goodrow.
4:45 of 1st period - Slapshot by Jake DeBrusk.
4:45 of 1st period - Stopped by Igor Shesterkin without a rebound.
4:46 of 1st period - Victor Rask wins face-off versus Peter Holland in Rocket zone.
4:55 of 1st period - Wrist shot by Jake DeBrusk.
4:55 of 1st period - Stopped by Igor Shesterkin with a rebound.
4:57 of 1st period - Snap shot by Victor Rask.
4:57 of 1st period - Shot Blocked by Viktor Loov.
4:59 of 1st period - Snap shot by Jake DeBrusk.
4:59 of 1st period - Stopped by Igor Shesterkin without a rebound.
5:00 of 1st period - Philip Varone wins face-off versus Corey Trivino in Rocket zone.
5:05 of 1st period - Slapshot by Kevin Labanc.
5:05 of 1st period - Shot Misses the Net.
5:07 of 1st period - Wrist shot by Philip Varone.
5:07 of 1st period - Stopped by Igor Shesterkin without a rebound.
5:08 of 1st period - Corey Trivino wins face-off versus Philip Varone in Rocket zone.
5:10 of 1st period - Minor Penalty to Brandon Pirri for Roughing.
5:11 of 1st period - Victor Rask wins face-off versus Dominic Turgeon in Rocket zone.
7:10 of 1st period - Penalty to Brandon Pirri is over, Brandon Pirri is back on ice.
7:15 of 1st period - Corey Trivino is hit by Dominik Masin and loses puck.
7:33 of 1st period - Off-side.
7:34 of 1st period - Peter Holland wins face-off versus Nico Sturm in neutral zone.
7:40 of 1st period - Minor Penalty to Dominik Masin for Holding.
7:41 of 1st period - Corey Trivino wins face-off versus Philip Varone in Heat zone.
8:11 of 1st period - Snap shot by Evgeny Svechnikov.
8:11 of 1st period - Shot Misses the Net.
9:40 of 1st period - Penalty to Dominik Masin is over, Dominik Masin is back on ice.
10:01 of 1st period - Off-side.
10:02 of 1st period - Dominic Turgeon wins face-off versus Chris Brown in neutral zone.
10:50 of 1st period - Snap shot by Victor Rask.
10:50 of 1st period - Shot Misses the Net.
10:52 of 1st period - Snap shot by Jake DeBrusk.
10:52 of 1st period - Shot Misses the Net.
11:04 of 1st period - Snap shot by Jesper Bratt.
11:04 of 1st period - Stopped by Igor Shesterkin with a rebound.
11:22 of 1st period - Dean Kukan is hit by Frank Corrado and loses puck.
12:39 of 1st period - Snap shot by Adrian Kempe.
12:39 of 1st period - Goal by Adrian Kempe - Heat : 0 - Rocket : 1.
12:40 of 1st period - Corey Trivino wins face-off versus Philip Varone in neutral zone.
13:28 of 1st period - Snap shot by Jiri Sekac.
13:28 of 1st period - Shot Misses the Net.
13:50 of 1st period - Slapshot by Rasmus Andersson.
13:50 of 1st period - Stopped by Igor Shesterkin without a rebound.
13:51 of 1st period - Karson Kuhlman wins face-off versus Philip Varone in Rocket zone.
13:58 of 1st period - Wrist shot by Kevin Labanc.
13:58 of 1st period - Stopped by Igor Shesterkin with a rebound.
14:04 of 1st period - Snap shot by Karson Kuhlman.
14:04 of 1st period - Shot Misses the Net.
14:06 of 1st period - Snap shot by Karson Kuhlman.
14:06 of 1st period - Shot Blocked by Matthew Nieto.
14:16 of 1st period - Wrist shot by Adrian Kempe.
14:16 of 1st period - Stopped by Michael Hutchinson with a rebound.
14:18 of 1st period - Wrist shot by Peter Holland.
14:18 of 1st period - Stopped by Michael Hutchinson without a rebound.
14:19 of 1st period - Peter Holland wins face-off versus Victor Rask in Heat zone.
14:25 of 1st period - Icing by Rasmus Andersson.
14:26 of 1st period - Corey Trivino wins face-off versus Victor Rask in Heat zone.
15:08 of 1st period - Minor Penalty to Adrian Kempe for Hooking.
15:09 of 1st period - Victor Rask wins face-off versus Dominic Turgeon in Rocket zone.
15:42 of 1st period - Snap shot by Karson Kuhlman.
15:42 of 1st period - Shot Blocked by Dominik Masin.
17:08 of 1st period - Penalty to Adrian Kempe is over, Adrian Kempe is back on ice.
17:17 of 1st period - Snap shot by Adrian Kempe.
17:17 of 1st period - Goal by Adrian Kempe - Heat : 0 - Rocket : 2.
17:18 of 1st period - Corey Trivino wins face-off versus Chris Brown in neutral zone.
17:21 of 1st period - Slapshot by Adam Fox.
17:21 of 1st period - Stopped by Michael Hutchinson without a rebound.
17:22 of 1st period - Corey Trivino wins face-off versus Chris Brown in Heat zone.
18:52 of 1st period - Snap shot by Corey Trivino.
18:52 of 1st period - Deflect By Mathieu Brodeur.
18:52 of 1st period - Shot Blocked by Mathieu Brodeur.
18:52 of 1st period - Puck is out of play.
18:53 of 1st period - Philip Varone wins face-off versus Corey Trivino in Heat zone.
19:31 of 1st period - Snap shot by Mattias Tedenby.
19:31 of 1st period - Shot Blocked by Victor Rask.
19:33 of 1st period - Snap shot by Brandon Pirri.
19:33 of 1st period - Shot Blocked by Jake DeBrusk.
19:35 of 1st period - Wrist shot by Luca Sbisa.
19:35 of 1st period - Deflect By Evgeny Svechnikov.
19:35 of 1st period - Stopped by Michael Hutchinson without a rebound.
19:36 of 1st period - Peter Holland wins face-off versus Philip Varone in Heat zone.
19:48 of 1st period - Minor Penalty to Frank Corrado for Tripping.
19:49 of 1st period - Jake DeBrusk wins face-off versus Corey Trivino in Heat zone.
Goals for this period are 0 for Heat vs 2 for Rocket.
Shots for this period are 7 for Heat vs 11 for Rocket.
2nd period
0:01 of 2nd period - Philip Varone wins face-off versus Corey Trivino in neutral zone.
0:14 of 2nd period - Wrist shot by Philip Varone.
0:14 of 2nd period - Stopped by Igor Shesterkin with a rebound.
0:16 of 2nd period - Wrist shot by Jake DeBrusk.
0:16 of 2nd period - Shot Misses the Net.
0:22 of 2nd period - Minor Penalty to Corey Trivino for Roughing.
0:23 of 2nd period - Victor Rask wins face-off versus Mattias Tedenby in Rocket zone.
0:24 of 2nd period - Slapshot by Matthew Nieto.
0:24 of 2nd period - Stopped by Igor Shesterkin with a rebound.
0:32 of 2nd period - Wrist shot by Danton Heinen.
0:32 of 2nd period - Stopped by Michael Hutchinson with a rebound.
0:34 of 2nd period - Snap shot by Mattias Tedenby.
0:34 of 2nd period - Deflect By Danton Heinen.
0:34 of 2nd period - Shot Blocked by John Gilmour.
0:34 of 2nd period - Puck is out of play.
0:35 of 2nd period - Mattias Tedenby wins face-off versus Victor Rask in Heat zone.
0:36 of 2nd period - Wrist shot by Danton Heinen.
0:36 of 2nd period - Stopped by Michael Hutchinson with a rebound.
0:44 of 2nd period - Wrist shot by Matthew Nieto.
0:44 of 2nd period - Shot Misses the Net.
0:50 of 2nd period - Snap shot by Matthew Nieto.
0:50 of 2nd period - Shot Misses the Net.
0:59 of 2nd period - Icing by Adrian Kempe.
1:00 of 2nd period - Mattias Tedenby wins face-off versus Matthew Nieto in Rocket zone.
1:27 of 2nd period - Luca Sbisa is hit by Kevin Labanc and loses puck.
1:48 of 2nd period - Penalty to Frank Corrado is over, Frank Corrado is back on ice.
2:22 of 2nd period - Penalty to Corey Trivino is over, Corey Trivino is back on ice.
2:32 of 2nd period - Snap shot by Frank Corrado.
2:32 of 2nd period - Stopped by Igor Shesterkin without a rebound.
2:33 of 2nd period - Peter Holland wins face-off versus Philip Varone in Rocket zone.
2:48 of 2nd period - John Gilmour is hit by Peter Holland and loses puck.
3:33 of 2nd period - Greg Pateryn is hit by Jiri Sekac and loses puck.
4:05 of 2nd period - Snap shot by Mattias Tedenby.
4:05 of 2nd period - Stopped by Michael Hutchinson with a rebound.
4:07 of 2nd period - Slapshot by Luca Sbisa.
4:07 of 2nd period - Shot Blocked by Nico Sturm.
4:27 of 2nd period - Wrist shot by Adrian Kempe.
4:27 of 2nd period - Goal by Adrian Kempe - Heat : 0 - Rocket : 3.
4:28 of 2nd period - Mattias Tedenby wins face-off versus Philip Varone in neutral zone.
4:37 of 2nd period - Snap shot by Mattias Tedenby.
4:37 of 2nd period - Shot Misses the Net.
4:39 of 2nd period - Slapshot by Mattias Tedenby.
4:39 of 2nd period - Shot Misses the Net.
4:41 of 2nd period - Slapshot by Viktor Loov.
4:41 of 2nd period - Shot Misses the Net.
4:53 of 2nd period - Dean Kukan is hit by Evgeny Svechnikov and loses puck.
5:36 of 2nd period - Corey Trivino is hit by Mathieu Brodeur and loses puck.
6:24 of 2nd period - Dean Kukan is hit by Evgeny Svechnikov and loses puck.
6:41 of 2nd period - Jiri Sekac is hit by Chris Brown.
6:45 of 2nd period - Slapshot by Andrey Pedan.
6:45 of 2nd period - Shot Misses the Net.
7:19 of 2nd period - Philip Varone is hit by Ty Rattie.
7:46 of 2nd period - Victor Rask is hit by Andrey Pedan and loses puck.
7:59 of 2nd period - Jake DeBrusk is hit by Dominic Turgeon and loses puck.
8:26 of 2nd period - Snap shot by Brandon Pirri.
8:26 of 2nd period - Shot Misses the Net.
8:32 of 2nd period - Corey Trivino is hit by Peter Cehlarik and loses puck.
9:26 of 2nd period - Slapshot by Luca Sbisa.
9:26 of 2nd period - Deflect By Evgeny Svechnikov.
9:26 of 2nd period - Stopped by Michael Hutchinson with a rebound.
9:28 of 2nd period - Snap shot by Dominic Turgeon.
9:28 of 2nd period - Shot Misses the Net.
9:30 of 2nd period - Snap shot by Dominic Turgeon.
9:30 of 2nd period - Goal by Dominic Turgeon - Heat : 0 - Rocket : 4.
9:30 of 2nd period - Nathan Lieuwen enters game.
9:31 of 2nd period - Corey Trivino wins face-off versus Matthew Nieto in neutral zone.
9:38 of 2nd period - Wrist shot by Brandon Pirri.
9:38 of 2nd period - Stopped by Nathan Lieuwen with a rebound.
9:40 of 2nd period - Slapshot by Viktor Loov.
9:40 of 2nd period - Stopped by Nathan Lieuwen without a rebound.
9:41 of 2nd period - Philip Varone wins face-off versus Corey Trivino in Heat zone.
9:41 of 2nd period - Matthew Nieto beats up Viktor Loov.
9:41 of 2nd period - Penalty to Viktor Loov for Fighting.
9:41 of 2nd period - Penalty to Matthew Nieto for Fighting.
9:41 of 2nd period - Penalty to Viktor Loov for instigated a fight.
9:41 of 2nd period - Penalty to Viktor Loov for instigated a fight.
9:42 of 2nd period - Dominic Turgeon wins face-off versus Victor Rask in Heat zone.
9:47 of 2nd period - Snap shot by Jiri Sekac.
9:47 of 2nd period - Deflect By Dominic Turgeon.
9:47 of 2nd period - Stopped by Nathan Lieuwen with a rebound.
10:09 of 2nd period - Luca Sbisa is hit by Jake DeBrusk and loses puck.
10:28 of 2nd period - Snap shot by Victor Rask.
10:28 of 2nd period - Shot Misses the Net.
10:30 of 2nd period - Snap shot by Victor Rask.
10:30 of 2nd period - Goal by Victor Rask - Heat : 1 - Rocket : 4.
10:31 of 2nd period - Philip Varone wins face-off versus Corey Trivino in neutral zone.
10:35 of 2nd period - Off-side.
10:36 of 2nd period - Corey Trivino wins face-off versus Philip Varone in neutral zone.
11:05 of 2nd period - Slapshot by Rasmus Andersson.
11:05 of 2nd period - Deflect By Barclay Goodrow.
11:05 of 2nd period - Stopped by Igor Shesterkin without a rebound.
11:06 of 2nd period - Peter Holland wins face-off versus Chris Brown in Rocket zone.
11:13 of 2nd period - Snap shot by Adrian Kempe.
11:13 of 2nd period - Goal by Adrian Kempe - Heat : 1 - Rocket : 5.
11:14 of 2nd period - Philip Varone wins face-off versus Corey Trivino in neutral zone.
11:25 of 2nd period - Slapshot by Kevin Labanc.
11:25 of 2nd period - Stopped by Igor Shesterkin with a rebound.
11:47 of 2nd period - Icing by Adam Fox.
11:48 of 2nd period - Corey Trivino wins face-off versus Philip Varone in Rocket zone.
11:48 of 2nd period - Corey Trivino is hit by Philip Varone.
12:18 of 2nd period - Wrist shot by Rasmus Andersson.
12:18 of 2nd period - Stopped by Igor Shesterkin without a rebound.
12:19 of 2nd period - Chris Brown wins face-off versus Peter Holland in Rocket zone.
12:44 of 2nd period - Jesper Bratt is hit by Andrey Pedan and loses puck.
13:28 of 2nd period - Adrian Kempe is hit by Philip Varone and loses puck.
13:52 of 2nd period - Wrist shot by Brandon Pirri.
13:52 of 2nd period - Stopped by Nathan Lieuwen without a rebound.
13:53 of 2nd period - Mattias Tedenby wins face-off versus Chris Brown in Heat zone.
14:02 of 2nd period - Snap shot by Mattias Tedenby.
14:02 of 2nd period - Shot Blocked by Barclay Goodrow.
14:05 of 2nd period - Icing by Greg Pateryn.
14:06 of 2nd period - Corey Trivino wins face-off versus Chris Brown in Heat zone.
14:24 of 2nd period - Adam Fox beats up Peter Cehlarik.
14:24 of 2nd period - Penalty to Adam Fox for Fighting.
14:24 of 2nd period - Penalty to Peter Cehlarik for Fighting.
14:24 of 2nd period - Penalty to Adam Fox for instigated a fight.
14:24 of 2nd period - Penalty to Adam Fox for instigated and being the aggresor in a fight.
14:24 of 2nd period - Adam Fox is ejected from game.
14:25 of 2nd period - Dominic Turgeon wins face-off versus Victor Rask in Rocket zone.
14:27 of 2nd period - Minor Penalty to Dominic Turgeon for Hooking.
14:28 of 2nd period - Victor Rask wins face-off versus Corey Trivino in Rocket zone.
14:28 of 2nd period - Slapshot by Kevin Labanc.
14:28 of 2nd period - Goal by Kevin Labanc - Heat : 2 - Rocket : 5.
14:29 of 2nd period - Corey Trivino wins face-off versus Victor Rask in neutral zone.
14:36 of 2nd period - Wrist shot by Jiri Sekac.
14:36 of 2nd period - Stopped by Nathan Lieuwen without a rebound.
14:37 of 2nd period - Corey Trivino wins face-off versus Victor Rask in Heat zone.
14:41 of 2nd period - Penalty to Viktor Loov is over, Danton Heinen is send on ice.
14:44 of 2nd period - Wrist shot by Chris Brown.
14:44 of 2nd period - Shot Blocked by Jiri Sekac.
14:52 of 2nd period - Snap shot by Jiri Sekac.
14:52 of 2nd period - Stopped by Nathan Lieuwen with a rebound.
14:54 of 2nd period - Backhand shot by Jiri Sekac.
14:54 of 2nd period - Stopped by Nathan Lieuwen with a rebound.
14:56 of 2nd period - Wrist shot by Corey Trivino.
14:56 of 2nd period - Shot Misses the Net.
14:58 of 2nd period - Slapshot by Danton Heinen.
14:58 of 2nd period - Stopped by Nathan Lieuwen with a rebound.
15:44 of 2nd period - Snap shot by Victor Rask.
15:44 of 2nd period - Shot Misses the Net.
15:46 of 2nd period - Slapshot by Frank Corrado.
15:46 of 2nd period - Goal by Frank Corrado - Heat : 3 - Rocket : 5.
15:47 of 2nd period - Nico Sturm wins face-off versus Peter Holland in neutral zone.
15:56 of 2nd period - Snap shot by Nico Sturm.
15:56 of 2nd period - Stopped by Igor Shesterkin with a rebound.
15:58 of 2nd period - Snap shot by Jesper Bratt.
15:58 of 2nd period - Stopped by Igor Shesterkin without a rebound.
15:58 of 2nd period - Minor Penalty to Igor Shesterkin for Delaying the game.
15:59 of 2nd period - Victor Rask wins face-off versus Dominic Turgeon in Rocket zone.
16:12 of 2nd period - Snap shot by Matthew Nieto.
16:12 of 2nd period - Shot Blocked by Luca Sbisa.
16:14 of 2nd period - Backhand shot by Kevin Labanc.
16:14 of 2nd period - Shot Misses the Net.
17:05 of 2nd period - Icing by Jake DeBrusk.
17:06 of 2nd period - Philip Varone wins face-off versus Karson Kuhlman in Heat zone.
17:58 of 2nd period - Penalty to Dean Kukan is over, Dean Kukan is back on ice.
18:14 of 2nd period - Icing by Dominik Masin.
18:15 of 2nd period - Peter Holland wins face-off versus Chris Brown in Heat zone.
18:26 of 2nd period - Dean Kukan is hit by Mathieu Brodeur and loses puck.
18:31 of 2nd period - Backhand shot by Barclay Goodrow.
18:31 of 2nd period - Stopped by Igor Shesterkin with a rebound.
18:33 of 2nd period - Snap shot by Nico Sturm.
18:33 of 2nd period - Goal by Nico Sturm - Heat : 4 - Rocket : 5.
18:34 of 2nd period - Philip Varone wins face-off versus Corey Trivino in neutral zone.
18:37 of 2nd period - Andrey Pedan is hit by Kevin Labanc and loses puck.
18:48 of 2nd period - Wrist shot by Kevin Labanc.
18:48 of 2nd period - Goal by Kevin Labanc - Heat : 5 - Rocket : 5.
18:49 of 2nd period - Corey Trivino wins face-off versus Philip Varone in neutral zone.
19:25 of 2nd period - Snap shot by Peter Holland.
19:25 of 2nd period - Deflect By Adrian Kempe.
19:25 of 2nd period - Deflect By Mathieu Brodeur.
19:25 of 2nd period - Shot Misses the Net.
19:25 of 2nd period - Puck is out of play.
19:26 of 2nd period - Philip Varone wins face-off versus Dominic Turgeon in Heat zone.
19:33 of 2nd period - Snap shot by Philip Varone.
19:33 of 2nd period - Stopped by Igor Shesterkin without a rebound.
19:34 of 2nd period - Matthew Nieto wins face-off versus Dominic Turgeon in Rocket zone.
19:53 of 2nd period - Minor Penalty to Philip Varone for Hooking.
19:54 of 2nd period - Peter Cehlarik wins face-off versus Corey Trivino in Heat zone.
Goals for this period are 5 for Heat vs 3 for Rocket.
Shots for this period are 15 for Heat vs 15 for Rocket.
3rd period
0:01 of 3rd period - Peter Cehlarik wins face-off versus Corey Trivino in neutral zone.
0:12 of 3rd period - Snap shot by Corey Trivino.
0:12 of 3rd period - Stopped by Nathan Lieuwen with a rebound.
0:14 of 3rd period - Snap shot by Corey Trivino.
0:14 of 3rd period - Stopped by Nathan Lieuwen with a rebound.
0:16 of 3rd period - Snap shot by Brandon Pirri.
0:16 of 3rd period - Shot Misses the Net.
0:29 of 3rd period - Off-side.
0:30 of 3rd period - Peter Holland wins face-off versus Chris Brown in neutral zone.
0:32 of 3rd period - Off-side.
0:33 of 3rd period - Corey Trivino wins face-off versus Chris Brown in neutral zone.
0:44 of 3rd period - Snap shot by Brandon Pirri.
0:44 of 3rd period - Shot Misses the Net.
0:46 of 3rd period - Slapshot by Andrei Mironov.
0:46 of 3rd period - Deflect By Chris Brown.
0:46 of 3rd period - Stopped by Nathan Lieuwen with a rebound.
0:48 of 3rd period - Slapshot by Andrey Pedan.
0:48 of 3rd period - Stopped by Nathan Lieuwen without a rebound.
0:49 of 3rd period - Peter Cehlarik wins face-off versus Corey Trivino in Heat zone.
1:15 of 3rd period - Frank Corrado is hit by Danton Heinen and loses puck.
1:53 of 3rd period - Penalty to Philip Varone is over, Philip Varone is back on ice.
1:59 of 3rd period - Snap shot by Karson Kuhlman.
1:59 of 3rd period - Stopped by Nathan Lieuwen without a rebound.
2:00 of 3rd period - Karson Kuhlman wins face-off versus Philip Varone in Heat zone.
2:05 of 3rd period - Snap shot by Jakub Vrana.
2:05 of 3rd period - Shot Misses the Net.
2:07 of 3rd period - Backhand shot by Dean Kukan.
2:07 of 3rd period - Shot Misses the Net.
2:09 of 3rd period - Snap shot by Luca Sbisa.
2:09 of 3rd period - Shot Misses the Net.
2:11 of 3rd period - Slapshot by Ty Rattie.
2:11 of 3rd period - Goal by Ty Rattie - Heat : 5 - Rocket : 6.
2:12 of 3rd period - Philip Varone wins face-off versus Corey Trivino in neutral zone.
2:21 of 3rd period - Slapshot by Philip Varone.
2:21 of 3rd period - Shot Blocked by Andrey Pedan.
3:20 of 3rd period - Wrist shot by Corey Trivino.
3:20 of 3rd period - Shot Misses the Net.
3:22 of 3rd period - Wrist shot by Andrei Mironov.
3:22 of 3rd period - Deflect By Brandon Pirri.
3:22 of 3rd period - Stopped by Nathan Lieuwen with a rebound.
3:24 of 3rd period - Wrist shot by Corey Trivino.
3:24 of 3rd period - Shot Misses the Net.
3:26 of 3rd period - Slapshot by Luca Sbisa.
3:26 of 3rd period - Deflect By Peter Cehlarik.
3:26 of 3rd period - Stopped by Nathan Lieuwen without a rebound.
3:27 of 3rd period - Philip Varone wins face-off versus Peter Holland in Heat zone.
3:36 of 3rd period - Slapshot by Kevin Labanc.
3:36 of 3rd period - Shot Blocked by Dean Kukan.
3:42 of 3rd period - Slapshot by Kevin Labanc.
3:42 of 3rd period - Stopped by Igor Shesterkin with a rebound.
3:48 of 3rd period - Minor Penalty to Danton Heinen for Hooking.
3:49 of 3rd period - Victor Rask wins face-off versus Dominic Turgeon in Rocket zone.
4:25 of 3rd period - Wrist shot by Matthew Nieto.
4:25 of 3rd period - Shot Blocked by Karson Kuhlman.
4:41 of 3rd period - 10 Minutes Misconduct Penalty to Viktor Loov is over.
5:13 of 3rd period - Wrist shot by Victor Rask.
5:13 of 3rd period - Stopped by Igor Shesterkin with a rebound.
5:31 of 3rd period - Snap shot by Evgeny Svechnikov.
5:31 of 3rd period - Stopped by Igor Shesterkin without a rebound.
5:32 of 3rd period - Philip Varone wins face-off versus Dominic Turgeon in Rocket zone.
5:33 of 3rd period - Wrist shot by Jake DeBrusk.
5:33 of 3rd period - Shot Misses the Net.
5:37 of 3rd period - Wrist shot by Evgeny Svechnikov.
5:37 of 3rd period - Shot Blocked by Dean Kukan.
5:39 of 3rd period - Slapshot by Philip Varone.
5:39 of 3rd period - Stopped by Igor Shesterkin with a rebound.
5:41 of 3rd period - Slapshot by Jake DeBrusk.
5:41 of 3rd period - Stopped by Igor Shesterkin with a rebound.
5:43 of 3rd period - Snap shot by Mathieu Brodeur.
5:43 of 3rd period - Deflect By Jake DeBrusk.
5:43 of 3rd period - Stopped by Igor Shesterkin with a rebound.
5:45 of 3rd period - Slapshot by Mathieu Brodeur.
5:45 of 3rd period - Shot Blocked by Dean Kukan.
5:47 of 3rd period - Wrist shot by Evgeny Svechnikov.
5:47 of 3rd period - Stopped by Igor Shesterkin with a rebound.
5:48 of 3rd period - Penalty to Danton Heinen is over, Danton Heinen is back on ice.
6:38 of 3rd period - Off-side.
6:39 of 3rd period - Chris Brown wins face-off versus Karson Kuhlman in neutral zone.
7:04 of 3rd period - Greg Pateryn is hit by Peter Holland and loses puck.
7:09 of 3rd period - Snap shot by Adrian Kempe.
7:09 of 3rd period - Stopped by Nathan Lieuwen without a rebound.
7:10 of 3rd period - Nico Sturm wins face-off versus Peter Holland in Heat zone.
7:35 of 3rd period - Brandon Pirri is hit by Frank Corrado and loses puck.
9:24 of 3rd period - 10 Minutes Misconduct Penalty to Adam Fox is over.
9:26 of 3rd period - Luca Sbisa is hit by Chris Brown and loses puck.
9:27 of 3rd period - Luca Sbisa from Rocket is injured at 9:27 of 3rd period (Torn Right MCL).
9:28 of 3rd period - Philip Varone wins face-off versus Corey Trivino in neutral zone.
9:41 of 3rd period - Snap shot by Kevin Labanc.
9:41 of 3rd period - Stopped by Igor Shesterkin with a rebound.
9:43 of 3rd period - Snap shot by Rasmus Andersson.
9:43 of 3rd period - Deflect By Kevin Labanc.
9:43 of 3rd period - Stopped by Igor Shesterkin with a rebound.
10:06 of 3rd period - Dominik Masin is hit by Peter Holland and loses puck.
10:19 of 3rd period - Jiri Sekac is hit by Peter Cehlarik.
10:25 of 3rd period - Chris Brown is hit by Andrey Pedan and loses puck.
10:35 of 3rd period - Off-side.
10:36 of 3rd period - Karson Kuhlman wins face-off versus Philip Varone in neutral zone.
10:36 of 3rd period - Karson Kuhlman is hit by Philip Varone.
10:50 of 3rd period - Snap shot by Matthew Nieto.
10:50 of 3rd period - Stopped by Igor Shesterkin with a rebound.
11:02 of 3rd period - Snap shot by Mattias Tedenby.
11:02 of 3rd period - Stopped by Nathan Lieuwen with a rebound.
11:25 of 3rd period - Slapshot by Peter Cehlarik.
11:25 of 3rd period - Shot Blocked by Adrian Kempe.
12:13 of 3rd period - Snap shot by Nico Sturm.
12:13 of 3rd period - Shot Blocked by Ty Rattie.
12:25 of 3rd period - Victor Rask is hit by Mattias Tedenby and loses puck.
12:44 of 3rd period - Peter Holland is hit by Barclay Goodrow and loses puck.
13:17 of 3rd period - John Gilmour is hit by Jiri Sekac and loses puck.
13:47 of 3rd period - Snap shot by Jesper Bratt.
13:47 of 3rd period - Stopped by Igor Shesterkin without a rebound.
13:48 of 3rd period - Peter Holland wins face-off versus Nico Sturm in Rocket zone.
13:55 of 3rd period - Wrist shot by Danton Heinen.
13:55 of 3rd period - Stopped by Nathan Lieuwen without a rebound.
13:56 of 3rd period - Philip Varone wins face-off versus Corey Trivino in Heat zone.
14:10 of 3rd period - Minor Penalty to Andrey Pedan for Hooking.
14:11 of 3rd period - Victor Rask wins face-off versus Dominic Turgeon in Rocket zone.
15:10 of 3rd period - Andrei Mironov is hit by Philip Varone and loses puck.
16:10 of 3rd period - Penalty to Andrey Pedan is over, Andrey Pedan is back on ice.
17:51 of 3rd period - Mathieu Brodeur is hit by Adrian Kempe and loses puck.
18:50 of 3rd period - Heat, Nathan Lieuwen is pulled from the net.
19:10 of 3rd period - Slapshot by Philip Varone.
19:10 of 3rd period - Stopped by Igor Shesterkin with a rebound.
19:20 of 3rd period - Slapshot by Philip Varone.
19:20 of 3rd period - Stopped by Igor Shesterkin without a rebound.
19:21 of 3rd period - Dan Bylsma call a timeout for Heat.
19:21 of 3rd period - Corey Trivino wins face-off versus Philip Varone in Rocket zone.
Goals for this period are 0 for Heat vs 1 for Rocket.
Shots for this period are 13 for Heat vs 11 for Rocket.